 Dungeon Crawl Stone Soup version 0.23-a0-446-g036aa52 (webtiles) character file.

32 GizzardofKazz the Shield-Bearer (level 3, -2/29 HPs)
             Began as a Formicid Fighter on Nov 19, 2018.
             Slain by an adder (3 damage)
             ... on level 2 of the Dungeon.
             The game lasted 00:01:39 (857 turns).

GizzardofKazz the Shield-Bearer (Formicid Fighter)   Turns: 857, Time: 00:01:40

Health: -2/29      AC:  6    Str: 21    XL:     3   Next: 42%
Magic:  3/3        EV:  9    Int:  7    God:
Gold:   0          SH:  4    Dex: 10    Spells: 2/2 levels left

rFire    . . .     SeeInvis +   a - +0 war axe
rCold    . . .     Gourm    .   i - +0 buckler
rNeg     . . .     Faith    .   b - +0 scale mail
rPois    .         Spirit   .   (helmet unavailable)
rElec    .         Reflect  .   (no cloak)
rCorr    .         Harm     .   (no gloves)
MR       .....                  (no boots)
Stlth    ..........             (no amulet)
HPRegen  0.09/turn              (no ring)
MPRegen  0.08/turn              (no ring)

@: lethally poisoned (-2 -> -8), drained
A: permanent stasis, dig shafts and tunnels, four strong arms, antennae 3
a: Dig, Shaft Self


You were on level 2 of the Dungeon.
You were not hungry.

You visited 1 branch of the dungeon, and saw 2 of its levels.

Inventory:

Hand Weapons
 a - a +0 war axe (weapon)
Armour
 b - a +0 scale mail (worn)
 c - a +0 shield
 i - a +0 buckler (worn)
Scrolls
 j - a scroll of enchant armour {unknown}
Potions
 d - a potion of might
 e - 2 potions of cancellation
 h - a potion of heal wounds {unknown}
 k - a potion of resistance {unknown}
 l - a potion of curing {unknown}
Comestibles
 f - 4 rations


   Skills:
 - Level 3.2(3.1) Fighting
 + Level 2.4(2.3) Axes
 - Level 3.2(3.1) Armour
 + Level 4.8(4.7) Shields


You had 2 spell levels left.
You didn't know any spells.
Your spell library was empty.

Dungeon Overview and Level Annotations

Branches:
Dungeon (2/15)

Altars:


Innate Abilities, Weirdness & Mutations

You cannot be hasted, slowed, berserked, paralysed or teleported.
You can dig through walls and to a lower floor.
Your four strong arms can wield two-handed weapons with a shield.
You have a pair of large antennae on your head. (SInv)


Message History

The bullfrog is severely wounded.
You closely miss the adder. The adder bites you. The bullfrog hits you!
* * * LOW HITPOINT WARNING * * *
The adder bites you but does no damage.
The bullfrog hits you but does no damage.
Unknown command.
You are too injured to fight recklessly!
Unknown command.
You are too injured to fight recklessly!
You block the adder's attack. The bullfrog barely misses you.
The bullfrog hits you.
* * * LOW HITPOINT WARNING * * *
There is a stone staircase leading up, spattered with blood here.
The adder bites you but does no damage. The bullfrog closely misses you.
It was a potion of cancellation.
You feel magically purged. The adder bites you.
* * * LOW HITPOINT WARNING * * *
You are lethally poisoned!
The adder poisons you! The adder bites you.
You die...

≈≈≈... ≈≈s≈≈{
≈≈≈≈ % ≈≈≈ ..
##.≈ ≈≈. #.. ≈≈≈.
##S#####≈≈≈≈.
#.FS@....#
####..##.####
#........#
..######l..{.##.#
............###.#
....)....#### #.#
......>### #.#
...#l#. #.. ....
#. ##.


You could see a bullfrog, 2 adders and a frilled lizard.

Vanquished Creatures
  2 leopard geckos
  3 giant cockroaches (D:1)
  2 goblins (D:1)
  4 hobgoblins
  2 jackals (D:1)
  5 kobolds (D:1)
  A quokka (D:2)
  A bat (D:1)
  3 frilled lizards (D:1)
  5 rats (D:1)
28 creatures vanquished.

Notes
Turn   | Place    | Note
-------+----------+-------------------------------------------
     0 | D:1      | GizzardofKazz the Formicid Fighter began the quest for the
                  | Orb.
     0 | D:1      | Reached XP level 1. HP: 18/18 MP: 1/1
    74 | D:1      | Reached skill level 4 in Shields
    76 | D:1      | Reached XP level 2. HP: 23/24 MP: 2/2
   386 | D:1      | Reached XP level 3. HP: 22/29 MP: 3/3
   841 | D:2      | Noticed a bullfrog
   857 | D:2      | HP: 1/29 [adder (2)]
   857 | D:2      | Slain by an adder

Vault maps used:
D:1:      dpeg_arrival_prison, serial_park_tiny_pond
D:2:      wander_river, grunt_temple_overflow_open

Skill      XL: |  1 |
---------------+----+-----
Shields        | 4 |  4.8
Fighting       | |  3.2
Axes           | |  2.4
Armour         | |  3.2

Action                   || total
-------------------------++-------
Melee: War axe           ||    69
  Use: Potion            ||     1
Armor: Scale mail        ||    43
Dodge: Dodged            ||    36
Block: Shield            ||    11
       Buckler           ||    10

Table legend:
 A = Non-vault XP
 B = Vault XP
 C = Vault XP percentage of total XP
 D = Non-vault monster count
 E = Vault monster count
 F = Vault count percentage of total count
                 A         B        C        D         E       F
            +---------+---------+-------+---------+---------+-------
      Total |      43 |       3 |   6.5 |      26 |       2 |   7.1
            +---------+---------+-------+---------+---------+-------
        D:1 |      36 |       3 |   7.7 |      23 |       2 |   8.0
        D:2 |       7 |       0 |   0.0 |       3 |       0 |   0.0
            +---------+---------+-------+---------+---------+-------
